 Dungeon Crawl Stone Soup version 0.20.0-10-g0535bb4 (webtiles) character file.

9289 MTVSty1e the Impaler (level 11, -5/92 HPs)
             Began as a Merfolk Fighter on June 4, 2017.
             Was a High Priest of Okawaru.
             Killed from afar by a starcursed mass (8 damage)
             ... with an accursed screaming
             ... on level 4 of the Abyss.
             The game lasted 00:33:10 (8779 turns).

MTVSty1e the Impaler (Merfolk Fighter)              Turns: 8779, Time: 00:33:10

Health: -5/92      AC: 23    Str: 18 (20) XL:     11   Next: 44%
Magic:  10/11      EV:  7    Int:  4 (7)  God:    Okawaru [*****.]
Gold:   265        SH: 17    Dex: 13 (14) Spells: 10/10 levels left

rFire    + . .     SeeInvis .   a - +3 trident (vamp)
rCold    . . .     Gourm    .   c - +0 shield
rNeg     . . .     Faith    .   D - +0 plate armour
rPois    +         Spirit   .   I - +2 helmet
rElec    .         Reflect  +   t - +1 cloak
rCorr    .         Harm     .   (no gloves)
MR       .....                  w - +0 pair of boots
Stlth    ..........             r - +4 amulet of reflection
Regen    0.3/turn               C - ring of protection from fire
MPRegen  0.2/turn               A - ring of poison resistance

@: heroism, hasted, very quick
A: change form in water, swift swim, stealthy swim, molten scales 1,
[deterioration 2]
a: Heroism, Finesse, Renounce Religion


You were on level 4 of the Abyss.
You worshipped Okawaru.
Okawaru was extremely pleased with you.
You were not hungry.

You visited 2 branches of the dungeon, and saw 11 of its levels.
You visited the Abyss 1 time.

You collected 670 gold pieces.
You spent 405 gold pieces at shops.

Inventory:

Hand Weapons
 a - a +3 vampiric trident (weapon)
Armour
 c - a +0 shield (worn)
 t - a +1 cloak (worn)
 w - a +0 pair of boots (worn)
 D - a +0 plate armour (worn)
 I - a +2 helmet (worn)
Jewellery
 q - an uncursed amulet of regeneration
 r - a +4 amulet of reflection (around neck)
 A - a ring of poison resistance (right hand)
 C - a ring of protection from fire (left hand)
Wands
 d - a wand of scattershot (1/9)
 s - a wand of flame (28/48)
 v - a wand of digging (15/24)
 F - a wand of polymorph (3/24)
 G - a wand of flame (30/48)
 J - a wand of lightning (5/15)
 K - a wand of disintegration (10/24)
 L - a wand of random effects (20/48)
 M - a wand of disintegration (16/24)
 O - a wand of iceblast (9/15)
 P - a wand of paralysis (7/24)
Scrolls
 m - 5 scrolls of remove curse
 u - 2 scrolls of blinking
 x - 3 scrolls of fear
 y - 2 scrolls of amnesia
 H - a scroll of recharging
 N - a scroll of identify
Potions
 e - 2 potions of mutation
 g - 2 potions of brilliance
 h - a potion of invisibility {unknown}
 n - 6 potions of curing
 o - a potion of resistance
 B - a potion of degeneration
Comestibles
 b - 2 fruits
 f - 4 bread rations
 k - 4 meat rations
 p - a royal jelly


   Skills:
 + Level 10.7(15.7) Fighting
 + Level 16.3(21.3) Polearms
 + Level 4.3(9.3) Armour
 * Level 7.7(12.7) Shields


You had 10 spell levels left.
You didn't know any spells.

Dungeon Overview and Level Annotations

Branches:
Dungeon (10/15)            Temple (1/1) D:4
   Lair: D:8-11         Orc: D:9-12

Altars:
Ashenzari
Cheibriados
Dithmenos
Elyvilon
Fedhas
Gozag
Hepliaklqana
Kikubaaqudgha
Makhleb
Nemelex Xobeh
Okawaru
Qazlal
Ru
Sif Muna
Trog
Uskayaw
Vehumet
Xom
Yredelemnul
Zin
The Shining One

Shops:
D:5 =   D:7 *   D:9 :

Annotations:
D:10 Erolcha


Innate Abilities, Weirdness & Mutations

You revert to your normal form in water.
You are very nimble and swift while swimming.
You are very stealthy in the water. (Stealth+)
You are partially covered in molten scales. (AC +2)
[Your body often deteriorates upon taking damage.]


Message History

The starcursed mass is almost destroyed.
You hit the starcursed mass.
The starcursed mass is almost destroyed.
The starcursed mass engulfs you but does no damage.
You hit the starcursed mass but do no damage.
The starcursed mass is almost destroyed.
You feel better.
The starcursed mass shrieks in your mind.
* * * LOW HITPOINT WARNING * * *
You hit the starcursed mass but do no damage.
The starcursed mass is almost destroyed.
You hit the starcursed mass.
The starcursed mass is almost destroyed.
A starcursed mass splits.
A chorus of shrieks assaults your mind.
* * * LOW HITPOINT WARNING * * *
You block the starcursed mass's attack.
A starcursed mass splits.
The starcursed mass shrieks in your mind.
You die...

###########
#
#.[#X#....#
.2
##X.#.###
X###.@# Z
##4#.##.# #
.###..## .
# . # . . #
. # . . # X
# 3 . . #.
.. . # . #
. .


You could see a starcursed mass.

Vanquished Creatures
  2 two-headed ogres
  A queen ant (D:8)
  A sixfirhy (Abyss:4)
  Joseph (D:8)
  A centaur zombie (D:10)
  A hippogriff (D:7)
  Eustachio (D:6)
  A small abomination (Abyss:2)
  A chaos spawn (Abyss:4)
  2 wyverns
  A hungry ghost (D:9)
  7 soldier ants (D:8)
  An ice beast (D:6)
  A merfolk skeleton (Abyss:4)
  3 orc warriors
  3 sky beasts
  An ogre (D:5)
  2 phantoms (D:7)
  A starcursed mass (Abyss:4)
  5 centaurs
  7 bullfrogs
  A wyvern skeleton (D:9)
  A scorpion (D:6)
  A water moccasin skeleton (D:6)
  11 killer bees
  7 wights
  The ghost of MTVSty1e the Skirmisher, a weakling GrFi (D:3)
  A howler monkey (D:9)
  A crimson imp (D:7)
  2 hounds
  3 jellies
  A gnoll shaman (D:6)
  2 bullfrog skeletons
  An orc priest (D:8)
  Crazy Yiuf (D:3)
  An iguana (D:9)
  Jessica (D:3)
  4 orc wizards
  Natasha (thrice) (D:3)
  23 worker ants
  A killer bee zombie (D:8)
  A hound zombie (D:6)
  A hound skeleton (D:4)
  11 gnolls (D:6)
  A worker ant zombie (D:7)
  A howler monkey skeleton (D:6)
  12 adders
  4 shadow imps
  An ooze (D:2)
  An adder skeleton (D:6)
  3 worms (D:2)
  4 dart slugs (D:2)
  5 leopard geckos
  15 orcs
  A ball python (D:4)
  9 bats
  6 giant cockroaches
  4 goblins
  3 hobgoblins
  3 jackals (D:10)
  A quokka (D:6)
  3 frilled lizards
  6 kobolds
  4 rats
211 creatures vanquished.

Vanquished Creatures (others)
  A worker ant (D:6)
  A lurking horror (Abyss:2)
  4 starspawn tentacles (Abyss:3)
6 creatures vanquished.

Grand Total: 217 creatures vanquished

Notes
Turn   | Place    | Note
-------+----------+-------------------------------------------
     0 | D:1      | MTVSty1e the Merfolk Fighter began the quest for the Orb.
     0 | D:1      | Reached XP level 1. HP: 18/18 MP: 1/1
   132 | D:1      | Reached XP level 2. HP: 24/24 MP: 2/2
   397 | D:2      | Reached skill level 4 in Polearms
   497 | D:2      | Reached XP level 3. HP: 29/30 MP: 3/3
   579 | D:2      | Reached skill level 5 in Polearms
   627 | D:2      | Reached XP level 4. HP: 30/37 MP: 4/4
   994 | D:2      | Found a glowing golden altar of the Shining One.
  1122 | D:3      | Found a glowing silver altar of Zin.
  1254 | D:3      | Found a runed door.
  1277 | D:3      | Noticed Jessica
  1280 | D:3      | Killed Jessica
  1280 | D:3      | Reached skill level 6 in Polearms
  1280 | D:3      | Reached XP level 5. HP: 41/43 MP: 5/5
  1283 | D:3      | Noticed MTVSty1e's ghost (weakling GrFi)
  1303 | D:3      | Killed MTVSty1e's ghost
  1771 | D:3      | Noticed Natasha
  1788 | D:3      | Killed Natasha
  1789 | D:3      | Found a sacrificial altar of Ru.
  1969 | D:3      | Noticed Natasha
  1975 | D:3      | Killed Natasha
  1975 | D:3      | Reached skill level 7 in Polearms
  2072 | D:3      | Noticed Natasha
  2077 | D:3      | Killed Natasha
  2077 | D:3      | Reached skill level 5 in Fighting
  2077 | D:3      | Reached XP level 6. HP: 39/51 MP: 6/6
  2174 | D:3      | Noticed Crazy Yiuf
  2179 | D:3      | Killed Crazy Yiuf
  2276 | D:4      | Found a shadowy altar of Dithmenos.
  2280 | D:4      | Found a burning altar of Makhleb.
  2529 | D:4      | Reached skill level 8 in Polearms
  2577 | D:4      | Found a staircase to the Ecumenical Temple.
  2589 | Temple   | Entered the Ecumenical Temple
  2711 | Temple   | Became a worshipper of Warmaster Okawaru
  3041 | D:5      | Entered Level 5 of the Dungeon
  3170 | D:5      | Reached XP level 7. HP: 21/56 MP: 7/7
  3332 | D:5      | Reached skill level 9 in Polearms
  3375 | D:5      | Found Rimaran's Jewellery Emporium.
  3700 | D:6      | Reached * piety under Okawaru
  3777 | D:6      | Reached skill level 10 in Polearms
  3807 | D:6      | Reached XP level 8. HP: 48/65 MP: 8/8
  3932 | D:6      | Found a radiant altar of Vehumet.
  3964 | D:6      | Noticed Eustachio
  3971 | D:6      | Reached ** piety under Okawaru
  3971 | D:6      | Reached skill level 11 in Polearms
  4043 | D:6      | Killed Eustachio
  4257 | D:6      | Found a snail-covered altar of Cheibriados.
  4280 | D:6      | Reached skill level 12 in Polearms
  4502 | D:6      | Found a stormy altar of Qazlal.
  4761 | D:6      | Reached XP level 9. HP: 39/74 MP: 9/9
  4929 | D:7      | Found Gakootet's Assorted Antiques.
  4993 | D:7      | Found a shattered altar of Ashenzari.
  5091 | D:7      | Reached skill level 13 in Polearms
  5221 | D:7      | Reached *** piety under Okawaru
  5580 | D:8      | Noticed a two-headed ogre
  5583 | D:8      | Reached skill level 14 in Polearms
  5663 | D:8      | Killed a two-headed ogre
  5663 | D:8      | Reached skill level 15 in Polearms
  5819 | D:8      | Reached XP level 10. HP: 73/83 MP: 10/10
  5857 | D:8      | Noticed a queen ant
  5905 | D:8      | Killed a queen ant
  5905 | D:8      | Reached **** piety under Okawaru
  5977 | D:8      | Reached skill level 5 in Shields
  5994 | D:8      | Reached skill level 10 in Fighting
  6196 | D:8      | Reached ***** piety under Okawaru
  6330 | D:8      | Noticed Joseph
  6355 | D:8      | Killed Joseph
  6503 | D:8      | Found a bloodstained altar of Trog.
  6779 | D:8      | Gained mutation: You are partially covered in molten scales. (AC +2) [mutagenic meat]
  6903 | D:9      | Reached XP level 11. HP: 85/92 MP: 11/11
  7034 | D:9      | Found Ucwumid's Book Boutique.
  7185 | D:5      | Bought a +4 amulet of reflection for 405 gold pieces
  7445 | D:9      | Noticed a two-headed ogre
  7454 | D:9      | Killed a two-headed ogre
  7454 | D:9      | Reached skill level 16 in Polearms
  7520 | D:9      | Paralysed by a wight for 7 turns
  7730 | D:10     | Entered Level 10 of the Dungeon
  7848 | D:10     | Noticed Erolcha
  8124 | D:10     | Cast into level 2 of the Abyss (Erolcha)
  8263 | Abyss:2  | Found a corrupted altar of Lugonu.
  8460 | Abyss:2  | Noticed a large abomination
  8508 | Abyss:2  | Noticed a large abomination
  8520 | Abyss:2  | Noticed a wretched star
  8540 | Abyss:3  | Noticed a tentacled starspawn
  8638 | Abyss:4  | Noticed a large abomination
  8639 | Abyss:4  | Noticed a large abomination
  8646 | Abyss:4  | Found a corrupted altar of Lugonu.
  8663 | Abyss:4  | Noticed a wretched star
  8683 | Abyss:4  | Noticed a wretched star
  8685 | Abyss:4  | Noticed a starcursed mass
  8688 | Abyss:4  | Noticed a sixfirhy
  8690 | Abyss:4  | Noticed a large abomination
  8692 | Abyss:4  | Noticed a green death
  8702 | Abyss:4  | Killed a sixfirhy
  8702 | Abyss:4  | Received a gift from Okawaru
  8713 | Abyss:4  | HP: 1/92 [starcursed mass/accursed screaming (7)]
  8737 | Abyss:4  | HP: 2/92 [starcursed mass/accursed screaming (5)]
  8752 | Abyss:4  | HP: 2/92 [starcursed mass/accursed screaming (8)]
  8774 | Abyss:4  | HP: 2/92 [starcursed mass/accursed screaming (8)]
  8779 | Abyss:4  | Killed from afar by a starcursed mass

Skill      XL: |  1  2  3  4  5  6  7  8  9 10 11 |
---------------+----------------------------------+-----
Polearms       | 4 5 6 7 8 10 12 15 16 | 16.3
Fighting       | 4 5 6 8 9 10 | 10.7
Shields        | 6 7 |  7.7
Armour         | 3 4 |  4.3

Action                   |  1- 3 |  4- 6 |  7- 9 | 10-12 || total
-------------------------+-------+-------+-------+-------++-------
Melee: Trident           |   104 |   173 |   423 |   597 ||  1297
       Unarmed           |       |       |    16 |       ||    16
Invok: Heroism           |       |       |       |     9 ||     9
  Use: Scroll            |       |    10 |     9 |     7 ||    26
       Potion            |       |     1 |     1 |    13 ||    15
  Eat: Meat ration       |       |     1 |     1 |       ||     2
       Bread ration      |       |     1 |     1 |       ||     2
       Royal jelly       |       |       |     1 |     1 ||     2
       Chunk             |       |       |       |     4 ||     4
       Fruit             |       |       |       |     3 ||     3
Armor: Scale mail        |    34 |    53 |    22 |       ||   109
       Plate armour      |       |       |   109 |   233 ||   342
       Skin              |       |       |     3 |       ||     3
Dodge: Dodged            |    17 |    33 |    50 |    51 ||   151
Block: Shield            |    31 |    69 |   112 |   224 ||   436
